 Dungeon Crawl Stone Soup version 0.26-a0-1205-g4083c211ab (console) character file.

Game seed: 17387912455705406794

1694 husky424 the Cleaver (level 8, -5/70 HPs)
             Began as a Minotaur Gladiator on Dec 29, 2020.
             Slain by a killer bee (6 damage)
             ... on level 8 of the Dungeon.
             The game lasted 00:38:50 (3924 turns).

husky424 the Cleaver (Minotaur Gladiator)           Turns: 3924, Time: 00:38:50

Health: -5/70      AC:  7    Str: 21    XL:     8   Next: 72%
Magic:  7/7        EV: 13    Int:  5    God:
Gold:   265        SH:  0    Dex: 12    Spells: 7/7 levels left

rFire    . . .     SeeInvis .   a - +1 war axe
rCold    . . .     Faith    .   (no shield)
rNeg     . . .     Spirit   .   f - +0 ring mail
rPois    .         Reflect  .   c - +0 hat
rElec    .         Harm     .   (no cloak)
rCorr    .         Rampage  .   q - +0 pair of gloves
Will     .....                  (no boots)
Stlth    +.........             (no amulet)
HPRegen  0.21/turn              (no ring)
MPRegen  0.10/turn              (no ring)

@: lethally poisoned (-5 -> -21)
A: retaliatory headbutt, horns 2
a: no special abilities


You were on level 8 of the Dungeon.
You visited 1 branch of the dungeon, and saw 8 of its levels.

You collected 265 gold pieces.

Inventory:

Hand Weapons
 a - a +1 war axe (weapon)
 e - a +0 dagger
 g - a +0 club
 h - a +0 dagger
 n - a +0 short sword
 s - a cursed +0 flail
Missiles
 d - 3 throwing nets (quivered)
 j - 37 bolts
 l - 12 poisoned darts
 o - 45 arrows
 v - 54 stones
Armour
 b - a +0 leather armour
 c - a +0 hat (worn)
 f - a +0 ring mail (worn)
 k - a +0 helmet
 q - a +0 pair of gloves (worn)
 B - a +0 leather armour
Jewellery
 i - an uncursed amulet of reflection
 m - an uncursed ring of willpower
 y - a cursed -4 ring of intelligence {unknown}
Wands
 u - a wand of polymorph (9)
Scrolls
 w - 2 scrolls of teleportation
 x - 2 scrolls of identify
 A - a scroll of fog {unknown}
 C - a scroll of remove curse {unknown}
 D - a scroll of enchant weapon
Potions
 p - a potion of curing {unknown}
 r - a potion of flight {unknown}
 t - a potion of attraction {unknown}
 z - a potion of heal wounds {unknown}


   Skills:
 + Level 5.7 Fighting
 + Level 9.8 Axes
 + Level 2.0 Throwing
 + Level 6.0 Armour
 + Level 5.5 Dodging
 + Level 0.5 Stealth
 + Level 1.4 Shields


You had 7 spell levels left.
You didn't know any spells.
Your spell library contained the following spells:

 Spells                   Type           Power        Failure   Level
 Beastly Appendage        Tmut           0%           63%         1
 Wereblood                Tmut           0%           77%         2
 Spider Form              Tmut/Pois      0%           94%         3
 Ice Form                 Ice/Tmut       0%           100%        4
 Blade Hands              Tmut           0%           100%        5


Dungeon Overview and Level Annotations

Branches:
Dungeon (8/15)
 Temple: D:4-7         Lair: D:8-11

Altars:

Shops:
D:5 (   D:6 :

Annotations:
D:8 Psyche


Innate Abilities, Weirdness & Mutations

You reflexively headbutt those who attack you in melee.
You have a pair of horns on your head.


Message History

You feel sick.
You feel sick.
The killer bee stings you but does no damage.
The killer bee barely misses you.
Found a scroll labelled FAGEGY QINESU.
You feel sick. The killer bee barely misses you. You furiously retaliate!
You headbutt the killer bee. The killer bee misses you.
You feel sick. The killer bee closely misses you. The killer bee stings you!
* * * LOW HITPOINT WARNING * * *
You are more poisoned.
The killer bee poisons you! The killer bee stings you!
* * * LOW HITPOINT WARNING * * *
You are more poisoned.
The killer bee poisons you!
* * * LOW HITPOINT WARNING * * *
You feel sick.
The killer bee stings you but does no damage.
* * * LOW HITPOINT WARNING * * *
You feel sick. The killer bee stings you.
You die...

...# [..# ## #..# ..
##..## #. #.... #.
#...# #. .#...##
#.####.#O†<.#
#<@.y..#....#
#.#y.###....#####.#
#.#y..OFF|........#
#.?....#.###..#.#######
#..#####..........
.......####.# #######..
# ####


You could see a two-headed ogre, a bullfrog and 3 killer bees.

Vanquished Creatures
  Eustachio (D:4)
  2 ice beasts (D:6)
  3 sky beasts
  An ogre (D:5)
  3 centaurs
  A scorpion (D:5)
  3 killer bees (D:8)
  A howler monkey (D:6)
  A bullfrog zombie (D:6)
  2 hounds
  A centaur zombie (D:5)
  2 orc priests
  3 orc wizards
  A centaur skeleton (D:4)
  An iguana (D:5)
  3 worker ants
  Robin (D:2)
  5 adders
  A shadow imp (D:8)
  An ufetubus (D:7)
  2 oozes
  An adder zombie (D:5)
  3 dart slugs
  6 leopard geckos
  8 orcs
  9 bats
  5 giant cockroaches
  15 goblins
  6 hobgoblins
  4 kobolds
  2 quokkas
  4 frilled lizards
  A jackal skeleton (D:6)
  A quokka skeleton (D:6)
  5 rats
109 creatures vanquished.

Vanquished Creatures (others)
  2 plants (D:3)
2 creatures vanquished.

Grand Total: 111 creatures vanquished

Notes
Turn   | Place    | Note
-------+----------+-------------------------------------------
     0 | D:1      | husky424 the Minotaur Gladiator began the quest for the
                  | Orb.
     0 | D:1      | Reached XP level 1. HP: 18/18 MP: 0/0
    45 | D:1      | Reached XP level 2. HP: 5/25 MP: 1/1
   183 | D:1      | Reached skill level 4 in Axes
   361 | D:1      | Reached XP level 3. HP: 18/31 MP: 2/2
   669 | D:2      | Noticed Robin
   685 | D:2      | Killed Robin
   686 | D:2      | Reached skill level 1 in Armour
   687 | D:2      | Reached XP level 4. HP: 12/38 MP: 3/3
  1481 | D:5      | Entered Level 5 of the Dungeon
  1556 | D:5      | Reached skill level 5 in Axes
  1556 | D:5      | Reached XP level 5. HP: 41/45 MP: 4/4
  1568 | D:5      | Noticed an ogre
  1578 | D:5      | Killed an ogre
  1579 | D:5      | Reached skill level 1 in Shields
  1615 | D:5      | Reached skill level 6 in Axes
  1615 | D:5      | Reached XP level 6. HP: 49/51 MP: 5/5
  1683 | D:5      | Found Pofrot's Weapon Shop.
  1728 | D:4      | Noticed Eustachio
  1736 | D:4      | Killed Eustachio
  2008 | D:3      | Reached skill level 7 in Axes
  2008 | D:3      | Reached XP level 7. HP: 57/58 MP: 6/6
  2887 | D:6      | Found Kumeps's Book Emporium.
  3067 | D:6      | Reached skill level 8 in Axes
  3074 | D:6      | Reached skill level 5 in Armour
  3172 | D:6      | Reached XP level 8. HP: 43/67 MP: 7/7
  3427 | D:6      | Reached skill level 5 in Fighting
  3427 | D:6      | Reached skill level 5 in Dodging
  3581 | D:7      | Reached skill level 9 in Axes
  3907 | D:8      | Noticed Psyche
  3911 | D:8      | Noticed a two-headed ogre
  3923 | D:8      | HP: 2/70 [poisoned by a killer bee]
  3924 | D:8      | Slain by a killer bee

Illustrated notes

Levels and vault maps discovered:
D:1:      heliophobic_arrival_ceremonial_halls, layout_rooms
D:2:      layout_rooms, uniq_crazy_yiuf_cottage, uniq_robin
D:3:      layout_loops_ring, serial_bayou_pond_b,
          chequers_serial_rivers_micro_b, grunt_decor_arrowhead
D:4:      layout_loops_ring, kennysheep_little_box, uniq_eustachio
D:5:      layout_rooms, serial_shops, shop_statue
D:6:      layout_gridville, minmay_temple_entry_nine_rooms, serial_shops,
          shop_statue, mrwooster_statue_mirror
D:7:      layout_loops_cross
D:8:      layout_basic, uniq_psyche, uniq_erica

Skill      XL: |  1  2  3  4  5  6  7  8 |
---------------+-------------------------+-----
Axes           | 4 5 6 7 8 9 |  9.8
Fighting       | 3 4 5 |  5.7
Armour         | 1 3 4 5 6 |  6.0
Dodging        | 4 5 |  5.5
Shields        | 1 |  1.4
Throwing       | |  2.0
Stealth        | |  0.5

Action                   |  1- 3 |  4- 6 |  7- 9 || total
-------------------------+-------+-------+-------++-------
Melee: War axe           |    68 |    75 |   110 ||   253
       Headbutt          |     6 |    11 |    25 ||    42
  Use: Scroll            |     1 |     4 |     1 ||     6
Armor: Leather armour    |     7 |       |       ||     7
       Ring mail         |     7 |    28 |    56 ||    91
Dodge: Dodged            |    61 |    54 |   107 ||   222
Block: Other             |    11 |    26 |       ||    37
       Reflection        |       |     3 |       ||     3

Table legend: (Time is in decaauts)
 A = Elapsed time spent in this place.
 B = Non-inter-level travel time spent in this place.
 C = Inter-level travel time spent in this place.
 D = Time resting spent in this place.
 E = Time spent auto-exploring this place.
 F = Levels seen in this place.
 G = Mean time per level.
                   A        B        C        D        E       F      G
               +--------+--------+--------+--------+--------+-----+--------+
         Total |   3982 |   3982 |      0 |      0 |    204 |   8 |  497.8 |
       Dungeon |   3982 |   3982 |      0 |      0 |    204 |   8 |  497.8 |
               +--------+--------+--------+--------+--------+-----+--------+

Top non-repeatable levels by time:
     D:4: 854 daAuts
     D:6: 743 daAuts
     D:1: 636 daAuts
     D:2: 560 daAuts
     D:5: 559 daAuts
     D:7: 381 daAuts
     D:3: 224 daAuts
     D:8: 20 daAuts
